 Dungeon Crawl Stone Soup version 0.28-a0-850-g09de17f5b5 (webtiles) character file.

Game seed: 3746235907304150033

2 croobank the Sneak (level 1, 0/18 HPs)
             Began as a Demonspawn Delver on Nov 13, 2021.
             Constricted to death by a ball python (1 damage)
             ... on level 4 of the Dungeon.
             The game lasted 00:02:39 (83 turns).

croobank the Sneak (Demonspawn Delver)                Turns: 83, Time: 00:02:40

Health: 0/18       AC:  3    Str: 12    XL:     1   Next: 33%
Magic:  1/1        EV:  8    Int: 11    God:
Gold:   0          SH:  0    Dex: 14    Spells: 0/0 levels left

rFire   . . .      SeeInvis .   a - +0 hand axe
rCold   . . .      Faith    .   (no shield)
rNeg    . . .      Spirit   .   b - +0 leather armour
rPois   .          Reflect  .   (no helmet)
rElec   .          Harm     .   (no cloak)
rCorr   .          Rampage  .   (no gloves)
Will    .....                   (no boots)
Stlth   +++.......              (no amulet)
HPRegen 0.06/turn               (no ring)
MPRegen 0.07/turn               (no ring)

@: constricted
A: no striking features
a: no special abilities


You were on level 4 of the Dungeon.
You visited 1 branch of the dungeon, and saw 2 of its levels.

Inventory:

Hand Weapons
 a - a +0 hand axe (weapon)
Armour
 b - a +0 leather armour (worn)
Wands
 g - a wand of digging (3)
Scrolls
 c - a scroll of fog
 d - a scroll of magic mapping


   Skills:
 + Level 3.0 Fighting
 + Level 1.7 Axes
 + Level 1.7 Dodging
 + Level 4.6 Stealth


You couldn't memorise any spells.
You didn't know any spells.
Your spell library was empty.

Dungeon Overview and Level Annotations

Branches:
Dungeon (5/15)
 Temple: D:4-7

Altars:

Annotations:
D:5 Ijyb


Message History

Moving in this stuff is going to be slow.
A quokka is nearby!
Your unstable footing causes you to fumble your attack.
You hit the quokka.
The quokka is almost dead.
You hit the plant.
The plant begins to die.
You hit the quokka.
You kill the quokka!
You hit the plant.
A nearby plant withers and dies.
Your extra speed is starting to run out.
You feel yourself slow down.
Unknown command.
A ball python comes into view.
The ball python hisses angrily.
An adder comes into view.
The ball python bites you but does no damage.
The ball python completely misses you.
The hobgoblin shouts!
You hit the ball python.
The ball python is severely wounded.
The ball python barely misses you. The ball python grabs you.
The ball python constricts you.
You closely miss the ball python.
The ball python is severely wounded.
The adder hisses angrily.
You hit the ball python.
You kill the ball python!
The ball python barely misses you. The ball python constricts you.
The ball python barely misses you. The ball python constricts you.
You closely miss the ball python.
The ball python is severely wounded.
The ball python bites you.
* * * LOW HITPOINT WARNING * * *
The ball python constricts you.
* * * LOW HITPOINT WARNING * * *
You completely miss the ball python.
The ball python is severely wounded.
The ball python barely misses you. The ball python constricts you.
You die...

#.#...##.#.....#
#.#..###.##...##
#.#......###.##
#.######## #.# #.#
#.# #.# ##+## #.#
#####...##
#.##...♣.P.....##
#@†....≈≈≈P...>.#
#S...P≈P≈≈≈P.....#
.....≈≈≈≈≈≈......+
##..S♣g.≈≈≈.......#
......≈≈≈≈≈.....##
###..≈.≈≈P≈....##
.♣.≈≈≈≈≈...##
.♣≈P≈≈≈≈♣+#


You could see an adder, a hobgoblin and a ball python.

Vanquished Creatures
  A ball python (D:4)
  A quokka (D:4)
2 creatures vanquished.

Vanquished Creatures (others)
  2 plants (D:4)
2 creatures vanquished.

Grand Total: 4 creatures vanquished

Notes
Turn   | Place    | Note
-------+----------+-------------------------------------------
     0 | D:5      | croobank the Demonspawn Delver began the quest for the Orb.
     0 | D:5      | Reached XP level 1. HP: 18/18 MP: 1/1
     1 | D:5      | Noticed Ijyb
     1 | D:5      | Noticed a gnoll sergeant
     3 | D:5      | Noticed a phantom
    83 | D:4      | Constricted to death by a ball python

Illustrated notes

Levels and vault maps discovered:
D:4:      layout_loops_corners, fedhas_ov_isle_minmay, serial_bayou,
          serial_bayou_lagoon_b, serial_bayou_lake_a, serial_bayou_pond_b,
          serial_bayou_pond_b
D:5:      layout_layer_cave, uniq_ijyb

Action                   || total
-------------------------++-------
Melee: Hand axe          ||    12
  Use: Scroll            ||     1
       Potion            ||     1
Armor: Leather armour    ||     2
Dodge: Dodged            ||    11

Table legend: (Time is in decaauts)
 A = Elapsed time spent in this place.
 B = Non-inter-level travel time spent in this place.
 C = Inter-level travel time spent in this place.
 D = Time resting spent in this place.
 E = Time spent auto-exploring this place.
 F = Levels seen in this place.
 G = Mean time per level.
                   A        B        C        D        E       F      G
               +--------+--------+--------+--------+--------+-----+--------+
         Total |     81 |     81 |      0 |      0 |      0 |   2 |   40.5 |
       Dungeon |     81 |     81 |      0 |      0 |      0 |   2 |   40.5 |
               +--------+--------+--------+--------+--------+-----+--------+

Top non-repeatable levels by time:
     D:4: 72 daAuts
     D:5: 9 daAuts
